TOP OF THE 1ST |
Santa Monica Bruins batting - Pitching for District 9 Prawns : RHP Gerard Allen
|
Pitching: RHP Gerard Allen
|
|
Batting: RHB Alonso Sánchez
|
0-0: Ball 1-0: Ball 2-0: Called Strike 2-1: Foul Ball, location: 2F 2-2: DOUBLE (Line Drive, 7LM)
|
Batting: RHB Salvador Salas
|
0-0: Ground out 6-3 (Groundball, 6) Alonso Sánchez to third
|
Batting: LHB António Glaviz
|
0-0: Ball 1-0: Ball 2-0: Ball 3-0: Called Strike 3-1: Base on Balls
|
Batting: LHB Germán Charfauros
|
0-0: Ball 1-0: Ball 2-0: Foul Ball, location: 2F 2-1: Foul Ball, location: 2F 2-2: Foul Ball, location: 2F 2-2: Ground out 3-1 (Groundball, 34) Alonso Sánchez scores António Glaviz to second
|
Batting: RHB Javier Deleón
|
0-0: Ball 1-0: Ground out 1-3 (Groundball, 13S)
|
Top of the 1st over - 1 run(s), 1 hit(s), 0 error(s), 1 left on base; Santa Monica 1 - District 9 0 |
BOTTOM OF THE 1ST |
District 9 Prawns batting - Pitching for Santa Monica Bruins : LHP Yasuyuki Ishii
|
Pitching: LHP Yasuyuki Ishii
|
|
Batting: LHB Enrique Nalasco
|
0-0: Ball 1-0: Ball 2-0: Ball 3-0: Base on Balls
|
Batting: RHB Alfredo Cortéz
|
0-0: Foul Ball, location: 2F 0-1: Ball 1-1: Foul Ball, location: 2F 1-2: Ball 2-2: Foul Ball, location: 2F 2-2: Foul Ball, location: 2F 2-2: Grounds into double play, 6-4-3 (Groundball, 6)
|
Batting: LHB Ryan Hensley
|
0-0: Called Strike 0-1: Ball 1-1: Foul Ball, location: 2F 1-2: Strikes out swinging
|
Bottom of the 1st over - 0 run(s), 0 hit(s), 0 error(s), 0 left on base; Santa Monica 1 - District 9 0 |
TOP OF THE 2ND |
Santa Monica Bruins batting - Pitching for District 9 Prawns : RHP Gerard Allen
|
Batting: RHB Roberto Bojórquez
|
0-0: Ball 1-0: Swinging Strike 1-1: Ball 2-1: SINGLE (Groundball, 56D)
|
Batting: RHB Motoshige Yagi
|
0-0: Called Strike 0-1: Foul Ball, location: 2F 0-2: Strikes out swinging
|
Batting: RHB Justin Burgess
|
0-0: Ball 1-0: Ball 2-0: Swinging Strike 2-1: Foul Ball, location: 2F 2-2: Ball 3-2: Strikes out swinging Roberto Bojórquez steals 2nd base Batter strikes out.
|
Batting: LHB Greg Schultz
|
0-0: Called Strike 0-1: Fly out, F4 (Popup, 4D)
|
Top of the 2nd over - 0 run(s), 1 hit(s), 0 error(s), 1 left on base; Santa Monica 1 - District 9 0 |
BOTTOM OF THE 2ND |
District 9 Prawns batting - Pitching for Santa Monica Bruins : LHP Yasuyuki Ishii
|
Batting: RHB Lúcio García
|
0-0: Ball 1-0: Ball 2-0: Ball 3-0: Foul Ball, location: 2F 3-1: Called Strike 3-2: SOLO HOME RUN (Flyball, 7D), Distance : 383 ft
|
Batting: LHB José Flores
|
0-0: Called Strike 0-1: Ground out 4-3 (Groundball, 4)
|
Batting: RHB Tony Guzmán
|
0-0: Foul Ball, location: 2F 0-1: Ball 1-1: Foul Ball, location: 2F 1-2: Ball 2-2: Ball 3-2: Ground out 6-3 (Groundball, 6)
|
Batting: SHB Tommy Bourassa
|
0-0: Ball 1-0: Swinging Strike 1-1: Foul Ball, location: 2F 1-2: Strikes out swinging
|
Bottom of the 2nd over - 1 run(s), 1 hit(s), 0 error(s), 0 left on base; Santa Monica 1 - District 9 1 |
TOP OF THE 3RD |
Santa Monica Bruins batting - Pitching for District 9 Prawns : RHP Gerard Allen
|
Batting: RHB Alonso Sánchez
|
0-0: Called Strike 0-1: Fly out, F7 (Flyball, 7D)
|
Batting: RHB Salvador Salas
|
0-0: Ball 1-0: Swinging Strike 1-1: Foul Ball, location: 2F 1-2: Foul Ball, location: 2F 1-2: Strikes out swinging
|
Batting: LHB António Glaviz
|
0-0: Called Strike 0-1: Ball 1-1: Foul Ball, location: 2F 1-2: Strikes out swinging
|
Top of the 3rd over - 0 run(s), 0 hit(s), 0 error(s), 0 left on base; Santa Monica 1 - District 9 1 |
BOTTOM OF THE 3RD |
District 9 Prawns batting - Pitching for Santa Monica Bruins : LHP Yasuyuki Ishii
|
Batting: RHB Phil Jacobs
|
0-0: Fly out, F7 (Flyball, 7M)
|
Batting: SHB Mark Pope
|
0-0: Foul Ball, location: 2F 0-1: Foul Ball, location: 2F 0-2: Ball 1-2: Ball 2-2: Ball 3-2: Fly out, F8 (Flyball, 8RD)
|
Batting: LHB Enrique Nalasco
|
0-0: Ball 1-0: SINGLE (Groundball, 5D)
|
Batting: RHB Alfredo Cortéz
|
0-0: Ball 1-0: Ball Enrique Nalasco is caught stealing 2nd base
|
Bottom of the 3rd over - 0 run(s), 1 hit(s), 0 error(s), 0 left on base; Santa Monica 1 - District 9 1 |
TOP OF THE 4TH |
Santa Monica Bruins batting - Pitching for District 9 Prawns : RHP Gerard Allen
|
Batting: LHB Germán Charfauros
|
0-0: Called Strike 0-1: Ball 1-1: Ball 2-1: Called Strike 2-2: Fly out, F8 (Flyball, 8LXD)
|
Batting: RHB Javier Deleón
|
0-0: Fly out, F7 (Flyball, 7D)
|
Batting: RHB Roberto Bojórquez
|
0-0: Called Strike 0-1: Ball 1-1: Foul Ball, location: 2F 1-2: Ball 2-2: Ball 3-2: Base on Balls
|
Batting: RHB Motoshige Yagi
|
0-0: Ball 1-0: Foul Ball, location: 2F 1-1: Ball 2-1: Foul Ball, location: 2F 2-2: Strikes out swinging
|
Top of the 4th over - 0 run(s), 0 hit(s), 0 error(s), 1 left on base; Santa Monica 1 - District 9 1 |
BOTTOM OF THE 4TH |
District 9 Prawns batting - Pitching for Santa Monica Bruins : LHP Yasuyuki Ishii
|
Batting: RHB Alfredo Cortéz
|
0-0: Called Strike 0-1: Ball 1-1: Foul Ball, location: 2F 1-2: SINGLE (Groundball, 6MD)
|
Batting: LHB Ryan Hensley
|
0-0: Grounds into double play, 4-6-3 (Groundball, 34)
|
Batting: RHB Lúcio García
|
0-0: Called Strike 0-1: Ball 1-1: SINGLE (Line Drive, 78S)
|
Batting: LHB José Flores
|
0-0: SINGLE (Flyball, 89S) Lúcio García to second Runner from 2nd tries for 3rd, OUT!
|
Bottom of the 4th over - 0 run(s), 3 hit(s), 0 error(s), 1 left on base; Santa Monica 1 - District 9 1 |
TOP OF THE 5TH |
Santa Monica Bruins batting - Pitching for District 9 Prawns : RHP Gerard Allen
|
Batting: RHB Justin Burgess
|
0-0: Ball 1-0: Foul Ball, location: 2F 1-1: Called Strike 1-2: Strikes out swinging
|
Batting: LHB Greg Schultz
|
0-0: Foul Ball, location: 2F 0-1: Foul Ball, location: 2F 0-2: Ball 1-2: Fly out, F9 (Line Drive, 9D)
|
Batting: RHB Alonso Sánchez
|
0-0: Foul Ball, location: 2F 0-1: Ball 1-1: Ball 2-1: Swinging Strike 2-2: Strikes out swinging
|
Top of the 5th over - 0 run(s), 0 hit(s), 0 error(s), 0 left on base; Santa Monica 1 - District 9 1 |
BOTTOM OF THE 5TH |
District 9 Prawns batting - Pitching for Santa Monica Bruins : LHP Yasuyuki Ishii
|
Batting: RHB Tony Guzmán
|
0-0: Foul Ball, location: 2F 0-1: Fly out, F7 (Line Drive, 78M)
|
Batting: SHB Tommy Bourassa
|
0-0: Called Strike 0-1: Called Strike 0-2: Ball 1-2: Ground out 6-3 (Groundball, 6)
|
Batting: RHB Phil Jacobs
|
0-0: Ball 1-0: Fly out, F5 (Popup, 56S)
|
Bottom of the 5th over - 0 run(s), 0 hit(s), 0 error(s), 0 left on base; Santa Monica 1 - District 9 1 |
TOP OF THE 6TH |
Santa Monica Bruins batting - Pitching for District 9 Prawns : RHP Gerard Allen
|
Batting: RHB Salvador Salas
|
0-0: DOUBLE (Flyball, 8RXD)
|
Batting: LHB António Glaviz
|
0-0: Ball 1-0: Called Strike 1-1: Ball 2-1: Foul Ball, location: 2F 2-2: Foul Ball, location: 2F 2-2: Ball 3-2: SINGLE (Line Drive, 78S) Salvador Salas to third Runner from 3rd tries for Home, SAFE, throw made home António Glaviz to second
|
Batting: LHB Germán Charfauros
|
0-0: Ball 1-0: Ball 2-0: Ball 3-0: Base on Balls
|
Batting: RHB Javier Deleón
|
0-0: Called Strike 0-1: Ball 1-1: Ground out 5-3 (Groundball, 5S) António Glaviz to third Germán Charfauros to second
|
Batting: RHB Roberto Bojórquez
|
0-0: Ball Wild Pitch! António Glaviz scores Germán Charfauros to third 1-0: Swinging Strike 1-1: Swinging Strike 1-2: Strikes out swinging
|
Batting: RHB Motoshige Yagi
|
0-0: 2-RUN HOME RUN (Flyball, 7D), Distance : 384 ft
|
Batting: RHB Justin Burgess
|
0-0: Foul Ball, location: 2F 0-1: Ball 1-1: Foul Ball, location: 2F 1-2: Ball 2-2: Fly out, F7 (Flyball, 7M)
|
Top of the 6th over - 4 run(s), 3 hit(s), 0 error(s), 0 left on base; Santa Monica 5 - District 9 1 |
BOTTOM OF THE 6TH |
District 9 Prawns batting - Pitching for Santa Monica Bruins : LHP Yasuyuki Ishii
|
Batting: SHB Mark Pope
|
0-0: DOUBLE (Flyball, 89M)
|
Batting: LHB Enrique Nalasco
|
0-0: Foul Ball, location: 2F 0-1: Ball 1-1: Foul Ball, location: 2F 1-2: Fly out, F3 (Popup, 3SF)
|
Batting: RHB Alfredo Cortéz
|
0-0: Foul Ball, location: 2F 0-1: Ground out 6-3 (Groundball, 6)
|
Batting: LHB Ryan Hensley
|
0-0: Ball 1-0: Swinging Strike 1-1: Called Strike 1-2: Ball 2-2: Strikes out swinging
|
Bottom of the 6th over - 0 run(s), 1 hit(s), 0 error(s), 1 left on base; Santa Monica 5 - District 9 1 |
TOP OF THE 7TH |
Santa Monica Bruins batting - Pitching for District 9 Prawns : RHP Gerard Allen
|
Pitching: RHP Jayson Simms
|
|
Batting: LHB Greg Schultz
|
0-0: Ball 1-0: Ball 2-0: Ball 3-0: Called Strike 3-1: Called Strike 3-2: Strikes out swinging
|
Batting: RHB Alonso Sánchez
|
0-0: Ball 1-0: Fly out, F8 (Flyball, 8RD)
|
Batting: RHB Salvador Salas
|
0-0: Ball 1-0: Called Strike 1-1: Fly out, F7 (Flyball, 78XD)
|
Top of the 7th over - 0 run(s), 0 hit(s), 0 error(s), 0 left on base; Santa Monica 5 - District 9 1 |
BOTTOM OF THE 7TH |
District 9 Prawns batting - Pitching for Santa Monica Bruins : LHP Yasuyuki Ishii
|
Batting: RHB Lúcio García
|
0-0: Foul Ball, location: 2F 0-1: Ball 1-1: Ball 2-1: Ball 3-1: SINGLE (Groundball, 15S) (infield hit)
|
Batting: LHB José Flores
|
0-0: Ball 1-0: Called Strike Lúcio García steals 2nd base 1-1: Ball 2-1: Ball 3-1: Swinging Strike 3-2: Foul Ball, location: 2F 3-2: Strikes out swinging
|
Batting: RHB Tony Guzmán
|
0-0: Called Strike 0-1: Ball 1-1: Ground out 6-3 (Groundball, 4M) Lúcio García to third
|
Batting: SHB Tommy Bourassa
|
0-0: Ball 1-0: Ground out 1-3 (Groundball, 15S)
|
Bottom of the 7th over - 0 run(s), 1 hit(s), 0 error(s), 1 left on base; Santa Monica 5 - District 9 1 |
TOP OF THE 8TH |
Santa Monica Bruins batting - Pitching for District 9 Prawns : RHP Jayson Simms
|
Batting: LHB António Glaviz
|
0-0: Ball 1-0: Called Strike 1-1: Called Strike 1-2: Ball 2-2: Ball 3-2: Strikes out looking
|
Batting: LHB Germán Charfauros
|
0-0: Ball 1-0: Ball 2-0: Called Strike 2-1: SINGLE (Groundball, 56D)
|
Batting: RHB Javier Deleón
|
0-0: Called Strike 0-1: Ball 1-1: Called Strike 1-2: Foul Ball, location: 2F 1-2: Strikes out looking
|
Batting: RHB Roberto Bojórquez
|
0-0: Called Strike 0-1: Ball 1-1: Foul Ball, location: 2F 1-2: Foul Ball, location: 2F 1-2: Fly out, F9 (Flyball, 9M)
|
Top of the 8th over - 0 run(s), 1 hit(s), 0 error(s), 1 left on base; Santa Monica 5 - District 9 1 |
BOTTOM OF THE 8TH |
District 9 Prawns batting - Pitching for Santa Monica Bruins : LHP Yasuyuki Ishii
|
Batting: RHB Phil Jacobs
|
0-0: Ball 1-0: Called Strike 1-1: Called Strike 1-2: Ball 2-2: Foul Ball, location: 2F 2-2: Strikes out swinging
|
Pitching: RHP Ron Henningar
|
|
Batting: SHB Mark Pope
|
0-0: Foul Ball, location: 2F 0-1: Foul Ball, location: 2F 0-2: Ball 1-2: Ground out 4-3 (Groundball, 4M)
|
Batting: LHB Enrique Nalasco
|
0-0: Ground out 4-3 (Groundball, 4)
|
Bottom of the 8th over - 0 run(s), 0 hit(s), 0 error(s), 0 left on base; Santa Monica 5 - District 9 1 |
TOP OF THE 9TH |
Santa Monica Bruins batting - Pitching for District 9 Prawns : RHP Jayson Simms
|
Batting: RHB Motoshige Yagi
|
0-0: Ball 1-0: Fly out, F8 (Flyball, 8LM)
|
Batting: RHB Justin Burgess
|
0-0: SINGLE (Groundball, 5D)
|
Batting: LHB Greg Schultz
|
0-0: Swinging Strike 0-1: Fielders Choice at 2nd, 1-6 (Groundball, 23)
|
Batting: RHB Alonso Sánchez
|
0-0: Ball 1-0: Swinging Strike 1-1: Ball 2-1: SINGLE (Groundball, 6M) Greg Schultz to second
|
Pitching: RHP Doug Adams
|
|
Batting: RHB Salvador Salas
|
0-0: SINGLE (Groundball, 56D) Greg Schultz to third Alonso Sánchez to second Runner from 3rd tries for Home, SAFE, no throw or cutoff
|
Batting: LHB António Glaviz
|
0-0: Called Strike 0-1: 3-RUN HOME RUN (Flyball, 9D), Distance : 394 ft
|
Batting: LHB Germán Charfauros
|
0-0: Ball 1-0: Ball 2-0: Ball 3-0: Base on Balls
|
Batting: RHB Javier Deleón
|
0-0: Ball 1-0: Fielders Choice at 2nd, 5-4 (Groundball, 5)
|
Top of the 9th over - 4 run(s), 4 hit(s), 0 error(s), 0 left on base; Santa Monica 9 - District 9 1 |
BOTTOM OF THE 9TH |
District 9 Prawns batting - Pitching for Santa Monica Bruins : RHP Ron Henningar
|
Now at 2B: Carlos Carrillo
|
|
Now at 3B: Armando Méndez
|
|
Batting: RHB Alfredo Cortéz
|
0-0: Ball 1-0: Ground out 4-3 (Groundball, 4)
|
Batting: LHB Ryan Hensley
|
0-0: Fly out, F4 (Line Drive, 4D)
|
Batting: RHB Lúcio García
|
0-0: Ball 1-0: Fly out, F3 (Popup, 3F)
|
Bottom of the 9th over - 0 run(s), 0 hit(s), 0 error(s), 0 left on base; Santa Monica 9 - District 9 1 |
|